 Dungeon Crawl Stone Soup version 0.29-a0-617-g7a6b98fccd (webtiles) character file.

Game seed: 2720382437117711128

113342 Haaias the Executioner (level 16, -1/228 HPs)
             Began as a Minotaur Berserker on June 17, 2022.
             Was an Elder of Trog.
             Slain by a slime creature (5 damage)
             ... on level 4 of the Pits of Slime.
             The game lasted 00:58:07 (34303 turns).

Haaias the Executioner (Minotaur Berserker)        Turns: 34303, Time: 00:58:08

Health: -1/228     AC: 20    Str: 28    XL:     16   Next: 13%
Magic:  15/15      EV: 14    Int: 10    God:    Trog [****..]
Gold:   1928       SH:  7    Dex: 12    Spells: 15/15 levels left

rFire   . . .      SeeInvis +   P - +6 broad axe of Somewhere Else {flame, Contam rPois rC+ Str+2}
rCold   + . .      Faith    .   F - +2 buckler "Jahiole" {SInv Stlth+}
rNeg    . . .      Spirit   .   v - +2 scale mail "Tufarchoo" {Fly rF- rCorr}
rPois   +          Reflect  .   (helmet restricted)
rElec   +          Harm     .   x - +2 cloak
rCorr   +          Rampage  .   R - +0 pair of gloves
Will    +....      Clarity  +   g - +2 pair of boots
Stlth   ..........              W - amulet "Nuten" {RegenMP rElec rF+ Int+2}
HPRegen 0.48/turn               l - ring of see invisible
MPRegen 0.54/turn               I - ring of poison resistance

@: berserking, flying, studying Maces & Flails, very quick
A: horns 2, retaliatory headbutt, beak, iridescent scales 1, clarity, clever 1,
deformed body, subdued magic 1
a: Renounce Religion, Berserk, Trog's Hand, Brothers in Arms


You were on level 4 of the Pits of Slime.
You worshipped Trog.
Trog was greatly pleased with you.
You visited 3 branches of the dungeon, and saw 23 of its levels.
You also visited: Sewer.

You collected 1928 gold pieces.

Inventory:

Hand Weapons
 J - the +7 lajatang of Order {silver, rMut}
   (You found it on level 6 of the Lair of Beasts)

   It inflicts extra damage upon those it strikes, and deals substantially
   increased damage to chaotic, mutated and magically transformed beings.
   rMut:      It protects you from mutation.
 K - the +7 trident "Feiliame" {venom, rCorr}
   (You found it on level 6 of the Lair of Beasts)

   It poisons the flesh of those it strikes.
   rCorr:     It protects you from acid and corrosion.
 P - the +6 broad axe of Somewhere Else (weapon) {flame, Contam rPois rC+ Str+2}
   (You acquired it on level 7 of the Dungeon)

   It burns those it strikes, dealing additional fire damage.
   Big, fiery blades are also staple armaments of hydra-hunters.
   Str:       It affects your strength (+2).
   rC:        It protects you from cold.
   rPois:     It protects you from poison.
   Contam:    It causes magical contamination when unequipped.
Missiles
 i - 61 poisoned darts (quivered)
 k - a throwing net
 C - 5 boomerangs
Armour
 g - a +2 pair of boots (worn)
 v - the +2 scale mail "Tufarchoo" (worn) {Fly rF- rCorr}
   (You found it on level 4 of the Dungeon)

   rF:        It makes you vulnerable to fire.
   Fly:       It grants you flight.
   rCorr:     It protects you from acid and corrosion.
 x - a +2 cloak (worn)
 F - the +2 buckler "Jahiole" (worn) {SInv Stlth+}
   (You acquired it on level 7 of the Dungeon)

   SInv:      It lets you see invisible.
   Stlth:     It makes you more stealthy.
 R - a +0 pair of gloves (worn)
Jewellery
 h - an amulet of the acrobat
 l - a ring of see invisible (left hand)
 t - the ring of Revan {rPois rC+ Str+5}
   (You found it on level 4 of the Lair of Beasts)

   [ring of protection from cold]

   Str:       It affects your strength (+5).
   rC:        It protects you from cold.
   rPois:     It protects you from poison.
 I - a ring of poison resistance (right hand)
 W - the amulet "Nuten" (around neck) {RegenMP rElec rF+ Int+2}
   (You found it on level 12 of the Dungeon)

   [amulet of magic regeneration]

   It increases your rate of magic regeneration.
   Int:       It affects your intelligence (+2).
   rF:        It protects you from fire.
   rElec:     It insulates you from electricity.
Wands
 e - a wand of iceblast (8)
 j - a wand of acid (12)
 N - a wand of flame (23)
Scrolls
 b - a scroll of enchant armour
 f - 2 scrolls of blinking
 m - 2 scrolls of magic mapping
 r - 5 scrolls of teleportation
 u - 3 scrolls of enchant weapon
 y - 2 scrolls of silence
 D - 3 scrolls of fear
 E - 3 scrolls of identify
 L - a scroll of summoning
 Q - 2 scrolls of amnesia
Potions
 c - 10 potions of curing
 d - a potion of invisibility {unknown}
 n - 5 potions of mutation
 o - 4 potions of heal wounds
 p - 7 potions of brilliance
 q - 4 potions of degeneration
 s - a potion of flight {unknown}
 w - 5 potions of lignification
 z - 3 potions of haste
 A - 2 potions of magic {unknown}
 B - 2 potions of berserk rage
 G - 3 potions of attraction {unknown}
 H - 7 potions of resistance
 M - 4 potions of cancellation {unknown}
 Z - 2 potions of might {unknown}
Miscellaneous
 a - a condenser vane
 S - a piece from Xom's chessboard (15/15)
 V - a box of beasts
 Y - a condenser vane


   Skills:
 + Level 16.5 Fighting
 * Level 22.1 Axes
 - Level 3.0 Throwing
 + Level 15.4 Armour
 + Level 11.3 Dodging
 - Level 4.2 Stealth
 - Level 6.8 Shields
 - Level 2.2 Unarmed Combat
 - Level 0.6 Evocations


You had 15 spell levels left.
You didn't know any spells.
Your spell library was empty.

Dungeon Overview and Level Annotations

Branches:
Dungeon (13/15)            Temple (0/1) D:6            Lair (6/6) D:8
 Shoals (0/4) Lair:3        Snake (0/4) Lair:2        Slime (4/5) Lair:5
    Orc (0/2) D:9          Vaults (0/5) D:13          Sewer (visited)

Altars:
Ashenzari
Cheibriados
Fedhas
Gozag
Makhleb
Okawaru
Qazlal
Trog
Uskayaw
Yredelemnul
Zin
The Shining One

Shops:
D:2 [(=**   D:6 (   D:9 [?   D:13 *

Portals:
Trove: D:13 (give +3 ice dragon scales)


Innate Abilities, Weirdness & Mutations

You have a pair of horns on your head.
You reflexively headbutt those who attack you in melee.
You have a beak for a mouth.
You are partially covered in iridescent scales. (AC +2)
You possess an exceptional clarity of mind.
Your mind is acute. (Int +4, Str/Dex-1)
Armour fits poorly on your strangely shaped body.
Your spells are a little easier to cast, but a little less powerful.


Message History

The azure jelly barely misses you. The azure jelly misses you.
The slime creature hits you!
The slime creature hits you but does no damage.
You block the slime creature's attack. The slime creature closely misses you.
You furiously retaliate!
You headbutt the slime creature. The rockslime hits you!!
* * * LOW HITPOINT WARNING * * *
You hold your ground!
You fly downwards.
There is a stone staircase leading up, spattered with blood here.
Your ogre goes berserk!
Trog will no longer gift you weapons. The azure jelly barely misses you.
The azure jelly hits you but does no damage. x2
The azure jelly closely misses you. You block the slime creature's attack.
The slime creature hits you!
* * * LOW HITPOINT WARNING * * *
The very large slime creature misses you.
The slime creature barely misses you. You furiously retaliate!
You headbutt the slime creature. You block the rockslime's attack.
The slime creature closely misses you. You furiously retaliate!
You headbutt the slime creature.
A red film seems to cover your vision as you go berserk!
You feel yourself moving faster!
You feel mighty! The azure jelly hits you.
* * * LOW HITPOINT WARNING * * *
The azure jelly freezes you!! You resist.
* * * LOW HITPOINT WARNING * * *
The azure jelly hits you but does no damage.
The azure jelly misses you. You block the azure jelly's attack.
The very large slime creature hits you!
* * * LOW HITPOINT WARNING * * *
The slime creature hits you but does no damage.
The slime creature closely misses you. You furiously retaliate!
You headbutt the slime creature. You block the slime creature's attack.
The wall burns your ogre!
Your ogre barely misses the azure jelly.
The rockslime hits you!
* * * LOW HITPOINT WARNING * * *
You hold your ground!
The slime creature hits you.
You die...

##...........#..........#
#...#.....<.............#
###.###...................
##.#....##.....#.......#..#
#..........................
#.........................
#.............>......#.#.#
#.###.##...JJJ...............
...........J@J............#.#
............JJ...............
#..........#.O...............
####........#.............#.#
##......##..............##
##......................
###....#............#.#
....#.....<......#.
.....#............


You could see an azure jelly (ally target), a very large slime creature, 4 slime
creatures, a rockslime and a friendly ogre (summoned, berserk).

Vanquished Creatures
  Rupert (D:12)
  4 acid blobs
  3 azure jellies (Slime:3)
  A rockslime (Slime:2)
  3 quicksilver oozes
  3 boulder beetles
  6 hydras
  Fannar (D:11)
  A merfolk avatar (Lair:6)
  8 vault guards (D:13)
  A death knight (D:12)
  3 centaur warriors
  10 death yaks
  3 two-headed ogres
  2 tengu warriors
  Nergalle (D:11)
  Amaemon (D:11)
  A sea snake (Lair:6)
  3 wolf spider zombies (D:13)
  2 deep elf pyromancers (D:12)
  An orc knight (D:12)
  2 oklob plants
  An ugly thing (D:12)
  9 manticores
  5 cyclopes
  37 elephants
  A black mamba (Lair:6)
  An ice statue (D:10)
  An orange demon (D:11)
  7 centaur zombies (D:13)
  A gargoyle (D:12)
  13 cane toads
  8 kobold demonologists
  3 rime drakes
  2 unseen horrors
  5 komodo dragons
  8 ice devils (D:10)
  6 trolls
  A merfolk (Lair:3)
  2 polar bears (Lair:6)
  A harpy zombie (D:13)
  19 blink frogs
  A hornet (Lair:6)
  53 slime creatures
  3 wind drakes (Lair:6)
  3 meliai zombies (D:13)
  4 shadows
  3 vampires
  42 yaks
  7 wyverns
  2 wraiths (D:12)
  Eustachio (D:5)
  A human (D:9)
  7 vampire mosquitoes (D:12)
  7 basilisks
  4 steam dragons
  A warg (D:9)
  3 nagas (Lair:2)
  3 acid dragons
  Duvessa (D:7)
  11 water moccasins
  3 orc warriors
  An ice beast (D:8)
  3 sky beasts
  A black bear (D:7)
  An ogre (D:6)
  7 centaurs
  16 wolves
  11 kobold brigands
  11 bullfrogs
  A necrophage (D:6)
  6 gnoll sergeants
  6 scorpions
  9 wights
  Dowan (D:7)
  8 killer bees
  A howler monkey (D:12)
  4 electric eels
  A crimson imp (D:6)
  2 hounds
  5 jellies
  8 orc priests
  2 gnoll shamans
  4 iguanas
  12 orc wizards
  Natasha (thrice) (D:3)
  5 adders
  31 gnolls
  2 river rats (Sewer)
  5 ufetubi
  5 worms
  4 dart slugs
  36 orcs
  14 ball pythons
  14 bats
  12 endoplasms
  9 giant cockroaches
  5 hobgoblins
  8 jackals (D:1)
  8 quokkas
  5 frilled lizards
  7 goblins
  31 kobolds
  12 rats
689 creatures vanquished.

Vanquished Creatures (collateral kills)
  An acid blob (Slime:2)
  A rockslime (Slime:2)
  A shining eye (Slime:2)
  2 slime creatures (Slime:2)
  A yak (D:9)
  2 vampire mosquitoes (D:12)
  A water moccasin (Lair:6)
  2 kobold brigands
  A kobold (D:11)
12 creatures vanquished.

Vanquished Creatures (others)
  An unseen horror (D:11)
  A necrophage (D:6)
  An ufetubus (D:10)
  40 fungi
  52 plants
95 creatures vanquished.

Grand Total: 796 creatures vanquished

Notes
Turn   | Place    | Note
-------+----------+-------------------------------------------
     0 | D:1      | Haaias the Minotaur Berserker began the quest for the Orb.
     0 | D:1      | Reached XP level 1. HP: 19/19 MP: 0/0
   161 | D:1      | Reached skill level 4 in Axes
   167 | D:1      | Reached XP level 2. HP: 17/27 MP: 1/1
   594 | D:1      | Reached ** piety under Trog
   598 | D:1      | Reached XP level 3. HP: 24/33 MP: 2/2
   942 | D:2      | Found Visaoblu's General Store.
  1002 | D:2      | Found Imeemab's Assorted Antiques.
  1004 | D:2      | Found Jikub's Jewellery Boutique.
  1028 | D:2      | Found a faded altar of an unknown god.
  1246 | D:2      | Reached XP level 4. HP: 35/41 MP: 3/3
  1502 | D:2      | Found Lesoum's Armour Boutique.
  1506 | D:2      | Found Aroigic's Antique Weapon Emporium.
  1516 | D:2      | Reached skill level 5 in Axes
  1605 | D:3      | Reached *** piety under Trog
  1657 | D:3      | Noticed an air elemental
  1659 | D:3      | Found a stormy altar of Qazlal.
  1660 | D:3      | Noticed a water elemental
  1660 | D:3      | Noticed a fire elemental
  1660 | D:3      | Noticed an earth elemental
  1953 | D:3      | Noticed Natasha
  1962 | D:3      | Killed Natasha
  1963 | D:3      | Reached XP level 5. HP: 30/47 MP: 4/4
  2079 | D:3      | Noticed Natasha
  2085 | D:3      | Killed Natasha
  2288 | D:3      | Found a basalt altar of Yredelemnul.
  2507 | D:3      | Noticed Natasha
  2516 | D:3      | Killed Natasha
  2517 | D:3      | Reached skill level 1 in Throwing
  2839 | D:4      | Identified the +2 scale mail "Tufarchoo" {Fly rF- rCorr}
  2985 | D:4      | Reached skill level 6 in Axes
  2985 | D:4      | Reached XP level 6. HP: 46/55 MP: 5/5
  3148 | D:4      | Found a glowing drain.
  3163 | Sewer    | Entered a sewer
  3329 | Sewer    | Reached skill level 5 in Fighting
  3491 | Sewer    | Reached **** piety under Trog
  3587 | Sewer    | Reached XP level 7. HP: 54/61 MP: 6/6
  3665 | Sewer    | Reached skill level 5 in Armour
  3882 | D:4      | Reached skill level 7 in Axes
  4255 | D:5      | Entered Level 5 of the Dungeon
  4255 | D:5      | Found an opulent altar of Gozag.
  4314 | D:5      | Noticed Eustachio
  4330 | D:5      | Killed Eustachio
  4434 | D:5      | HP: 4/94 [poisoned by a scorpion]
  4975 | D:5      | Reached skill level 8 in Axes
  5127 | D:5      | Found a glowing golden altar of the Shining One.
  5254 | D:5      | Reached XP level 8. HP: 66/70 MP: 7/7
  5276 | D:5      | Found a bloodstained altar of Trog.
  5277 | D:5      | Found an iron altar of Okawaru.
  5846 | D:6      | Reached skill level 1 in Stealth
  5861 | D:6      | Reached skill level 9 in Axes
  5899 | D:6      | Found a glowing silver altar of Zin.
  6327 | D:6      | Found a staircase to the Ecumenical Temple.
  6391 | D:6      | Found a burning altar of Makhleb.
  6591 | D:6      | Reached XP level 9. HP: 79/79 MP: 8/8
  6618 | D:6      | Reached skill level 10 in Axes
  6622 | D:6      | Found Leirirch's Antique Weapon Boutique.
  6804 | D:7      | Identified 3 scrolls of acquirement
  6804 | D:7      | Acquired a +2 executioner's axe of distortion
  7004 | D:7      | Reached skill level 11 in Axes
  7359 | D:7      | Reached ***** piety under Trog
  7445 | D:7      | Found a blossoming altar of Fedhas.
  7572 | D:7      | Found a broken altar of Ashenzari.
  7573 | D:7      | Noticed Dowan
  7574 | D:7      | Noticed Duvessa
  7585 | D:7      | Killed Duvessa
  7587 | D:7      | Killed Dowan
  7693 | D:7      | Found a snail-covered altar of Cheibriados.
  7831 | D:7      | Acquired the +6 broad axe of Somewhere Else {flame, Contam
                  | rPois rC+ Str+2}
  7834 | D:7      | Acquired the +2 buckler "Jahiole" {SInv Stlth+}
  8273 | D:8      | Noticed a two-headed ogre
  8281 | D:8      | Killed a two-headed ogre
  8282 | D:8      | Reached skill level 12 in Axes
  8282 | D:8      | Reached XP level 10. HP: 53/90 MP: 9/9
  8683 | D:8      | Found a staircase to the Lair.
  9621 | D:9      | Reached skill level 1 in Shields
  9623 | D:9      | Found a staircase to the Orcish Mines.
  9630 | D:9      | Reached skill level 13 in Axes
 10007 | D:9      | Reached skill level 14 in Axes
 10936 | D:9      | Found Heus's Magic Scroll Boutique.
 11075 | D:9      | Found Sasoy's Armour Boutique.
 11538 | D:10     | Entered Level 10 of the Dungeon
 11550 | D:10     | Reached XP level 11. HP: 64/99 MP: 10/10
 11551 | D:10     | Reached skill level 10 in Fighting
 11937 | D:10     | Noticed a two-headed ogre
 11943 | D:10     | Killed a two-headed ogre
 12228 | D:10     | Noticed a sun demon
 13015 | D:10     | Found a hide-covered altar of Uskayaw.
 13423 | D:10     | Reached skill level 5 in Dodging
 14348 | D:10     | Reached skill level 10 in Armour
 14357 | D:10     | Reached skill level 15 in Axes
 15468 | D:11     | Noticed Nergalle
 15480 | D:11     | Killed Nergalle
 16146 | D:11     | Reached skill level 1 in Unarmed Combat
 16211 | D:11     | Noticed Amaemon
 16221 | D:11     | Killed Amaemon
 16577 | D:11     | Reached XP level 12. HP: 94/110 MP: 11/11
 16754 | D:11     | Noticed Fannar
 16765 | D:11     | Killed Fannar
 16817 | D:11     | Reached skill level 5 in Shields
 16826 | D:11     | Reached skill level 16 in Axes
 17023 | D:12     | Noticed Rupert
 17032 | D:12     | Killed Rupert
 17631 | D:12     | Noticed a two-headed ogre
 17642 | D:12     | Killed a two-headed ogre
 18006 | D:12     | Reached skill level 17 in Axes
 18187 | D:12     | Noticed a death knight
 18524 | D:12     | Killed a death knight
 18744 | D:12     | Noticed a tengu warrior
 18748 | D:12     | Reached XP level 13. HP: 105/119 MP: 12/12
 19163 | D:12     | Identified the amulet "Nuten" {RegenMP rElec rF+ Int+2}
 21125 | D:12     | Reached skill level 18 in Axes
 21827 | D:13     | Found Yfruleec's Assorted Antiques.
 21844 | D:13     | Found a gate to the Vaults.
 22380 | D:13     | Found a basalt altar of Yredelemnul.
 22384 | D:13     | Reached XP level 14. HP: 128/132 MP: 13/13
 22554 | D:13     | Received a gift from Trog
 22709 | D:13     | Reached skill level 19 in Axes
 22853 | D:13     | Found a portal to a secret trove of treasure.
 22982 | Lair:1   | Entered Level 1 of the Lair of Beasts
 24590 | Lair:2   | Found a staircase to the Snake Pit.
 25401 | Lair:2   | Acquired 693 gold pieces
 25410 | Lair:2   | Gained mutation: You are partially covered in iridescent
                  | scales. (AC +2) [potion of mutation]
 25410 | Lair:2   | Gained mutation: You possess an exceptional clarity of
                  | mind. [potion of mutation]
 25410 | Lair:2   | Gained mutation: You have a beak for a mouth. [potion of
                  | mutation]
 25410 | Lair:2   | Gained mutation: Your mind is acute. (Int +4, Str/Dex-1)
                  | [potion of mutation]
 25714 | Lair:3   | Found a staircase to the Shoals.
 26374 | Lair:4   | Found a bloodstained altar of Trog.
 26470 | Lair:4   | Identified the ring of Revan {rPois rC+ Str+5}
 27102 | Lair:5   | Received a gift from Trog
 27111 | Lair:5   | Reached skill level 15 in Fighting
 27114 | Lair:5   | Reached skill level 20 in Axes
 27226 | Lair:5   | Found a staircase to the Slime Pits.
 27935 | Lair:5   | Reached XP level 15. HP: 111/141 MP: 14/14
 29022 | Lair:6   | Entered Level 6 of the Lair of Beasts
 29185 | Lair:6   | Paralysed by a hornet for 3 turns
 29190 | Lair:6   | Paralysed by a hornet for 3 turns
 29257 | Lair:6   | Reached skill level 10 in Dodging
 29601 | Lair:6   | Reached skill level 21 in Axes
 29608 | Lair:6   | Found the +7 lajatang of Order {silver, rMut}
 29660 | Lair:6   | Identified the +7 trident "Feiliame" {venom, rCorr}
 29668 | Lair:6   | Identified the +2 robe of Parts Unknown {*Slow rC- rN++
                  | Slay+4}
 30542 | Slime:1  | Entered Level 1 of the Pits of Slime
 30546 | Slime:1  | Noticed an acid blob
 30555 | Slime:1  | Noticed an acid blob
 30558 | Slime:1  | Killed an acid blob
 30563 | Slime:1  | Killed an acid blob
 31381 | Slime:2  | Noticed a rockslime
 31382 | Slime:2  | Noticed a rockslime
 31390 | Slime:2  | Gained mutation: Your spells are a little easier to cast,
                  | but a little less powerful. [a shining eye]
 31391 | Slime:2  | Killed a rockslime
 31391 | Slime:2  | Killed a rockslime
 31393 | Slime:2  | Received a gift from Trog
 31394 | Slime:2  | Gained mutation: Armour fits poorly on your strangely
                  | shaped body. [a shining eye]
 31394 | Slime:2  | Noticed an acid blob
 31406 | Slime:2  | Killed an acid blob
 31407 | Slime:2  | Reached skill level 15 in Armour
 32256 | Slime:3  | Noticed an azure jelly
 32264 | Slime:3  | Noticed an azure jelly
 32267 | Slime:3  | Noticed an azure jelly
 32268 | Slime:3  | Killed an azure jelly
 32281 | Slime:3  | Killed an azure jelly
 32282 | Slime:3  | Killed an azure jelly
 32283 | Slime:3  | Reached XP level 16. HP: 63/152 MP: 11/15
 32284 | Slime:3  | Noticed an acid blob
 32292 | Slime:3  | Killed an acid blob
 33478 | Slime:3  | Noticed an acid blob
 33484 | Slime:3  | Killed an acid blob
 33485 | Slime:3  | Reached skill level 22 in Axes
 34303 | Slime:4  | HP: 4/228 [rockslime (9)]
 34303 | Slime:4  | Slain by a slime creature

Illustrated notes

Levels and vault maps discovered:
D:1:      dpeg_arrival_shelter, layout_basic
D:2:      layout_basic, basic_ecumenical_altar, serial_shops, shop, shop, shop,
          shop, nicolae_diamond_shop, serial_bayou_crossing
D:3:      layout_basic, mainiacjoe_overflow_brackets,
          nicolae_qazlal_style_of_elements, uniq_natasha
D:4:      cheibrodos_old_hovel, layout_gridville, gup_sewer_entry_pipe
D:5:      layout_basic, grunt_temple_overflow_bloody_war,
          mainiacjoe_overflow_surrounded_room, nicolae_gozag_seed_capital,
          serial_co_window_serial, co_window_paths_a, co_window_paths_a,
          co_window_paths_a, co_window_of_opportunity_a, co_window_paths_a,
          co_window_of_opportunity_a, co_window_corner_a, co_window_2corner,
          co_window_unsneaky_path_e, co_window_cross_4, co_window_broadway_c,
          co_window_broadway_b, uniq_eustachio
D:6:      layout_basic, zin_statuary, makhleb_grotto_becter,
          lemuel_temple_firewalk_b, nicolae_ossuary_entry_ruins, serial_shops,
          nicolae_stop_n_shop_1
D:7:      layout_loops_corners, mainiacjoe_overflow_paths, fedhas_altar_1,
          overflow_temple_1_default, serial_park_tiny_2, grunt_decor_cap,
          uniq_duvessa
D:8:      layout_basic, lair_entry_dummy, enter_bailey_4
D:9:      layout_long_grid, erik_orc_4, serial_shops, shop_scrolls, shop,
          nrook_uturn, minmay_misc_feat_alley
D:10:     cheibrodos_frozen_isle, layout_basic, mainiacjoe_overflow_catwalk
D:11:     layout_cave_pools, gauntlet_entry_generic, st_stairs_7, uniq_nergalle,
          uniq_amaemon, uniq_fannar
D:12:     minmay_spiral_squares, layout_basic, uniq_rupert
D:13:     layout_rooms, erik_vaults_2, nicolae_trove_entry_crystal,
          serial_shops, shop, hangedman_decor_points,
          nicolae_yredelemnul_corpse_copse
Lair:1:   layout_loops_ring, serial_bayou_ford_a, infiniplex_staircase_pool_2,
          serial_bayou_shore_b
Lair:2:   layout_regular_city, minmay_snake_entry_guardpost_small,
          minmay_lair_oklob_items, beast_lair_carwin_2
Lair:3:   layout_regular_city, elwin_shoals_entry_rooms,
          chequers_serial_rivers_marsh
Lair:4:   layout_gridlike, basic_altar, grunt_megastairs_2, serial_bayou_shore_b
Lair:5:   dpeg_oklob_gauntlet, layout_cave_pods, nicolae_slime_entry_slimehenge
Lair:6:   gammafunk_lair_ancient_temple, layout_loops_ring, grunt_megastairs_5
Slime:1:  layout_caves
Slime:2:  layout_caves
Slime:3:  layout_caves, cheibrodos_slime_lost_civilization_4
Slime:4:  layout_caves

Skill      XL: |  1  2  3  4  5  6  7  8  9 10 11 12 13 14 15 16 |
---------------+-------------------------------------------------+-----
Axes           | 4 5 6 8 9 12 14 15 17 18 20 21 22 | 22.1
Fighting       | 4 5 6 7 8 9 11 12 14 15 16 | 16.5
Armour         | 3 4 5 7 8 9 10 11 12 14 15 | 15.4
Throwing       | 1 2 3 |  3.0
Dodging        | 3 4 5 6 7 9 11 | 11.3
Stealth        | 1 2 3 4 |  4.2
Shields        | 3 4 6 |  6.8
Unarmed Combat | 1 2 |  2.2
Evocations     | |  0.6

Action                   |  1- 3 |  4- 6 |  7- 9 | 10-12 | 13-15 | 16-18 || total
-------------------------+-------+-------+-------+-------+-------+-------++-------
Melee: Hand axe          |    98 |   152 |   132 |       |       |       ||   382
       Headbutt          |    14 |    24 |    53 |    61 |   196 |     8 ||   356
       Punch             |       |     2 |     2 |       |       |       ||     4
       War axe           |       |       |   111 |       |       |       ||   111
       Broad axe         |       |       |    20 |   372 |   721 |    30 ||  1143
       Unarmed           |       |       |       |    32 |       |       ||    32
       Peck              |       |       |       |       |    88 |    10 ||    98
Throw: Dart              |     6 |    16 |       |    12 |       |       ||    34
Invok: Berserk           |       |     1 |     4 |    14 |    16 |     2 ||    37
       Trog's Hand       |       |       |       |     3 |     1 |     1 ||     5
       Brothers in Arms  |       |       |       |     5 |     2 |     1 ||     8
Evoke: Condenser vane    |       |       |       |       |     2 |       ||     2
       Box of beasts     |       |       |       |       |     1 |       ||     1
  Use: Scroll            |     1 |     2 |    13 |     9 |    10 |       ||    35
       Potion            |       |       |     1 |     4 |     7 |       ||    12
 Stab: Sleeping          |       |       |     2 |       |     8 |       ||    10
Armor: Scale mail        |    69 |    55 |   117 |   161 |   307 |    18 ||   727
       Animal skin       |     2 |       |       |       |       |       ||     2
Dodge: Dodged            |    54 |    73 |   132 |   167 |   298 |    25 ||   749
Block: Buckler           |       |       |     2 |   106 |   174 |    15 ||   297

Table legend: (Time is in decaauts)
 A = Elapsed time spent in this place.
 B = Non-inter-level travel time spent in this place.
 C = Inter-level travel time spent in this place.
 D = Time resting spent in this place.
 E = Time spent auto-exploring this place.
 F = Levels seen in this place.
 G = Mean time per level.
                   A        B        C        D        E       F      G
               +--------+--------+--------+--------+--------+-----+--------+
         Total |  34317 |  33533 |    784 |  14513 |  15300 |  24 | 1429.9 |
       Dungeon |  22421 |  21854 |    567 |   9881 |   9531 |  13 | 1724.7 |
          Lair |   7501 |   7306 |    195 |   1332 |   5058 |   6 | 1250.2 |
    Slime Pits |   3751 |   3730 |     21 |   3299 |    254 |   4 |  937.8 |
         Sewer |    643 |    643 |      0 |      0 |    457 |   1 |  643.0 |
               +--------+--------+--------+--------+--------+-----+--------+

Top non-repeatable levels by time:
    D:12: 4516 daAuts
    D:10: 3986 daAuts
  Lair:5: 1995 daAuts
     D:9: 1954 daAuts
    D:11: 1569 daAuts
     D:8: 1537 daAuts
  Lair:6: 1503 daAuts
  Lair:2: 1480 daAuts
     D:5: 1431 daAuts
    D:13: 1363 daAuts
     D:7: 1308 daAuts
     D:3: 1165 daAuts
 Slime:4: 1163 daAuts
     D:6: 1114 daAuts
     D:1: 936 daAuts
